 Dungeon Sprint DCSS version 0.22-a0-75-g1fede22 (webtiles) character file.

12100000 schets the Intangible (level 27, -4/249 HPs)
             Began as a Demonspawn Gladiator on Jan 13, 2018.
             Was the Champion of Makhleb.
             Killed by divine providence
             ... invoked by an observer
              (13 damage)
             ... in the Dungeon (Sprint VIII: "Arena of Blood").
             The game lasted 00:04:26 (121 turns).

schets the Intangible (Demonspawn Gladiator)         Turns: 121, Time: 00:04:27

Health: -4/249     AC: 12    Str: 18    XL:     27
Magic:  49/54      EV: 36    Int: 10    God:    Makhleb [******]
Gold:   0          SH:  0    Dex: 24    Spells: 80/80 levels left

rFire    + + .     SeeInvis +   k - +∞ Axe of Woe
rCold    . . .     Gourm    .   (shield currently unavailable)
rNeg     . . .     Faith    .   a - +0 leather armour
rPois    .         Spirit   .   b - +0 helmet
rElec    .         Reflect  .   (no cloak)
rCorr    .         Harm     .   (no gloves)
MR       ++...     NoTele   +   (boots unavailable)
Stlth    +++++++++.             (no amulet)
HPRegen  7.51/turn              l - ring of see invisible
MPRegen  0.34/turn              (no ring)

@: no status effects
A: talons 3, molten scales 3, fire resistance 1, hurl damnation, powered by
death 3, spiny 3, flame cloud immunity
a: Hurl Damnation, Minor Destruction, Lesser Servant of Makhleb, Major
Destruction, Greater Servant of Makhleb, Renounce Religion


You were in the Dungeon.
You worshipped Makhleb.
Makhleb was exalted by your worship.
You were not hungry.

You visited 1 branch

Inventory:

Hand Weapons
 k - the +∞ Axe of Woe (weapon)
   (You found it in the Dungeon)
Missiles
 c - 3 throwing nets (quivered)
Armour
 a - a +0 leather armour (worn)
 b - a +0 helmet (worn)
Jewellery
 l - a ring of see invisible (left hand)
Scrolls
 j - a scroll of blinking
Potions
 e - a potion of curing
 f - a potion of heal wounds
 g - a potion of haste
 h - 2 potions of magic
 i - a potion of berserk rage
Comestibles
 d - a ration


   Skills:
 O Level 27 Fighting
 O Level 27 Axes
 O Level 27 Throwing
 O Level 27 Armour
 O Level 27 Dodging
 O Level 27 Stealth
 O Level 27 Unarmed Combat
 O Level 27 Spellcasting
 O Level 27 Invocations


You had 80 spell levels left.
You didn't know any spells.

Dungeon Overview and Level Annotations

Branches:
Dungeon (1/1)

Altars:
Makhleb

Annotations:
D The Captor


Innate Abilities, Weirdness & Mutations

You have claws for feet.
You are completely covered in molten scales. (AC +4, rF+)
Your flesh is heat resistant. (rF+)
You can hurl damnation.
You regenerate a lot of health from kills.
You are completely covered in sharp spines.
You are immune to clouds of flame.


Message History

The observer gazes at you. Something smites you!
* * * LOW HITPOINT WARNING * * *
You hear a shout!
Things that are here:
a +9 battleaxe; a +30 ring of slaying Unknown command.
You slash the meat berserker!
You hew the meat berserker savagely.
You kill the meat berserker!
Makhleb accepts your kill.
The dread calls on the powers of darkness!
The Captor convulses!
The bag of meat convulses! x2; The observer convulses!
The eight-headed meat hydra convulses!
Your body is wracked with pain!
* * * LOW HITPOINT WARNING * * *
The Captor gestures wildly while chanting.
The Captor seems to speed up.
You hear a shout! x2
The observer gazes at you. Something smites you!
You die...

#################
###......†..)....†####
..........@))))).†...#
.......##)##)#####......#
................. ...S...
####.....##.##O.. .......
...%..D..................
#...G...)..#.#.......#...
#...W@o).).........####..
.#..WG.)))...M...... ..
..#.o.))))......


You could see an eight-headed meat hydra, 2 observers, a wretched soul
(invisible), a dread, The Captor, a meat berserker (berserk) and a bag of meat.

Vanquished Creatures
  3 hell beasts (D)
  2 greater mummies (D)
  2 great orbs of eyes (D)
  2 wraiths (D)
  Harold (D)
  3 vampire knights (D)
  22 ogres (D)
  2 two-headed ogres (D)
  2 liches (D)
  3 hydras (D)
  45 orcs (D)
  A phantom (D)
  5 skeletal warriors (D)
  3 large abominations (D)
  6 small abominations (D)
  7 crawling corpses (D)
109 creatures vanquished.

Vanquished Creatures (others)
  A crawling corpse (D)
1 creature vanquished.

Grand Total: 110 creatures vanquished

Notes
Turn   | Place    | Note
-------+----------+-------------------------------------------
     0 | D        | Found the +∞ Axe of Woe
     0 | D        | schets the Demonspawn Gladiator began the quest for the Orb.
     0 | D        | Reached XP level 1. HP: 16/16 MP: 1/1
     3 | D        | Noticed a bag of meat
     3 | D        | Noticed a bag of meat
     4 | D        | Became a worshipper of Makhleb the Destroyer
     6 | D        | Noticed a bag of meat
     6 | D        | Noticed a bag of meat
     6 | D        | Noticed a bag of meat
     6 | D        | Noticed a bag of meat
     7 | D        | Noticed a bag of meat
     7 | D        | Noticed a bag of meat
     7 | D        | Killed a bag of meat
     7 | D        | Reached skill level 5 in Axes
     7 | D        | Reached skill level 5 in Armour
     7 | D        | Gained mutation: You are partially covered in sharp spines. [demonic ancestry]
     7 | D        | Reached XP level 2. HP: 12/38 MP: 2/2
     7 | D        | Reached XP level 3. HP: 14/44 MP: 3/3
     7 | D        | Gained mutation: You are mostly covered in sharp spines. [demonic ancestry]
     7 | D        | Reached XP level 4. HP: 16/51 MP: 4/4
     7 | D        | Reached XP level 5. HP: 18/57 MP: 5/5
     7 | D        | Reached XP level 6. HP: 21/64 MP: 6/6
     7 | D        | Gained mutation: You regenerate a little health from kills. [demonic ancestry]
     7 | D        | Reached XP level 7. HP: 23/70 MP: 7/7
     7 | D        | Gained mutation: You are partially covered in molten scales. (AC +2) [demonic ancestry]
     7 | D        | Reached XP level 8. HP: 25/76 MP: 8/8
     7 | D        | Reached XP level 9. HP: 27/82 MP: 9/9
     7 | D        | Gained mutation: You are mostly covered in molten scales. (AC +3) [demonic ancestry]
     7 | D        | Reached XP level 10. HP: 29/89 MP: 10/10
     7 | D        | Reached XP level 11. HP: 31/95 MP: 11/11
     8 | D        | Noticed a bag of meat
     8 | D        | Killed a bag of meat
     8 | D        | Reached * piety under Makhleb
     8 | D        | Reached XP level 12. HP: 35/106 MP: 12/12
     9 | D        | Noticed a meat berserker
     9 | D        | Noticed a meat berserker
     9 | D        | Killed a bag of meat
     9 | D        | Reached skill level 15 in Fighting
     9 | D        | Gained mutation: You are completely covered in molten scales. (AC +4, rF+) [demonic ancestry]
     9 | D        | Reached XP level 13. HP: 40/115 MP: 13/13
     9 | D        | Killed a bag of meat
     9 | D        | Reached XP level 14. HP: 44/125 MP: 14/14
     9 | D        | Killed a bag of meat
     9 | D        | Reached ** piety under Makhleb
     9 | D        | Reached skill level 10 in Axes
     9 | D        | Reached skill level 15 in Throwing
     9 | D        | Killed a bag of meat
     9 | D        | Reached skill level 27 in Dodging
     9 | D        | Gained mutation: You have sharp toenails. [demonic ancestry]
     9 | D        | Reached XP level 15. HP: 89/136 MP: 15/15
    10 | D        | Killed a meat berserker
    10 | D        | Reached skill level 15 in Axes
    10 | D        | Reached *** piety under Makhleb
    10 | D        | Reached skill level 10 in Armour
    10 | D        | Gained mutation: You regenerate health from kills. [demonic ancestry]
    10 | D        | Reached XP level 16. HP: 152/152 MP: 16/16
    12 | D        | Killed a meat berserker
    12 | D        | Gained mutation: You are completely covered in sharp spines. [demonic ancestry]
    12 | D        | Reached XP level 17. HP: 166/166 MP: 17/17
    12 | D        | Reached **** piety under Makhleb
    13 | D        | Noticed a meat berserker
    15 | D        | Noticed a meat berserker
    16 | D        | Noticed a meat berserker
    16 | D        | Noticed a meat berserker
    16 | D        | Killed a meat berserker
    16 | D        | Reached skill level 27 in Fighting
    16 | D        | Reached XP level 18. HP: 182/182 MP: 18/18
    16 | D        | Reached skill level 27 in Axes
    16 | D        | Killed a meat berserker
    16 | D        | Reached ***** piety under Makhleb
    16 | D        | Reached skill level 27 in Throwing
    16 | D        | Reached XP level 19. HP: 189/189 MP: 19/19
    17 | D        | Noticed a meat berserker
    20 | D        | Noticed a large bag of meat
    21 | D        | Killed a meat berserker
    21 | D        | Reached skill level 27 in Armour
    21 | D        | Killed a meat berserker
    21 | D        | Reached skill level 15 in Stealth
    21 | D        | Reached XP level 20. HP: 197/197 MP: 19/38
    21 | D        | Reached skill level 15 in Spellcasting
    22 | D        | Noticed a meat berserker
    22 | D        | Reached ****** piety under Makhleb
    22 | D        | Reached skill level 27 in Invocations
    22 | D        | Gained mutation: You have razor-sharp toenails. [demonic ancestry]
    22 | D        | Reached XP level 21. HP: 204/204 MP: 19/45
    23 | D        | Noticed a large bag of meat
    23 | D        | Noticed a destroyer
    24 | D        | Reached skill level 27 in Stealth
    24 | D        | Reached skill level 27 in Spellcasting
    25 | D        | Noticed a destroyer
    26 | D        | Killed a destroyer
    26 | D        | Gained mutation: You have claws for feet. [demonic ancestry]
    26 | D        | Reached XP level 22. HP: 212/212 MP: 20/53
    26 | D        | Reached skill level 27 in Unarmed Combat
    27 | D        | Reached XP level 23. HP: 219/219 MP: 20/54
    30 | D        | Killed a large bag of meat
    30 | D        | Killed a large bag of meat
    30 | D        | Gained mutation: Your flesh is heat resistant. (rF+) [demonic ancestry]
    30 | D        | Reached XP level 24. HP: 215/227 MP: 21/54
    31 | D        | Noticed The Servant
    32 | D        | Noticed a destroyer
    32 | D        | Killed a destroyer
    33 | D        | Killed a destroyer
    33 | D        | Gained mutation: You regenerate a lot of health from kills. [demonic ancestry]
    33 | D        | Reached XP level 25. HP: 234/234 MP: 21/54
    39 | D        | Gained mutation: You are immune to clouds of flame. [demonic ancestry]
    39 | D        | Reached XP level 26. HP: 242/242 MP: 23/54
    44 | D        | Killed The Servant
    49 | D        | Noticed an accursed
    50 | D        | Noticed an accursed
    53 | D        | Gained mutation: You can hurl damnation. [demonic ancestry]
    53 | D        | Reached XP level 27. HP: 249/249 MP: 27/54
    65 | D        | Killed an accursed
    68 | D        | Noticed a meat beast
    69 | D        | Killed a meat beast
    77 | D        | Noticed a meat beast
    79 | D        | Killed a meat beast
    90 | D        | Noticed a tyrant
    90 | D        | Noticed a tyrant
    93 | D        | Killed a tyrant
    99 | D        | Killed a tyrant
    99 | D        | Noticed a meat beast
   101 | D        | Noticed a dread
   104 | D        | Killed a meat beast
   109 | D        | Killed a dread
   110 | D        | Noticed an accursed
   110 | D        | Killed an accursed
   111 | D        | Noticed a dread
   115 | D        | Killed a dread
   116 | D        | Noticed The Captor
   120 | D        | Noticed a dread
   120 | D        | HP: 10/249 [observer/divine providence (13)]
   121 | D        | Killed from afar by an observer

Vault maps used:
D:        meatsprint

Skill      XL: |  1  2  3  4  5  6  7  8  9 10 11 12 13 14 15 16 17 18 19 20 21 22 |
---------------+-------------------------------------------------------------------+-----
Fighting       | 12 13 15 16 18 21 24 27 | 27.0
Axes           | 5 7 8 9 12 17 21 26 27 | 27.0
Throwing       | 11 12 14 16 20 22 25 27 | 27.0
Armour         | 5 6 7 8 10 11 13 21 27 | 27.0
Dodging        | 19 22 23 25 27 | 27.0
Stealth        | 15 22 27 | 27.0
Spellcasting   | 14 20 27 | 27.0
Invocations    | 18 27 | 27.0
Unarmed Combat | 21 27 | 27.0

Action                   |  1- 3 |  4- 6 |  7- 9 | 10-12 | 13-15 | 16-18 | 19-21 | 22-24 | 25-27 || total
-------------------------+-------+-------+-------+-------+-------+-------+-------+-------+-------++-------
Melee: Executioner's axe |     1 |       |       |     2 |     1 |     4 |     7 |     6 |    41 ||    62
 Abil: Hurl Damnation    |       |       |       |       |       |       |       |       |     1 ||     1
Armor: Leather armour    |       |       |       |       |       |       |       |       |     1 ||     1
Dodge: Dodged            |       |       |       |       |       |     1 |     2 |     1 |     4 ||     8

Table legend:
 A = Spawn XP
 B = Non-spawn XP
 C = Spawn XP percentage of total XP
 D = Spawn monster count
 E = Non-spawn monster count
 F = Spawn count percentage of total count
 G = Total turns spent on level
                    A         B        C        D         E        F      G
               +---------+---------+-------+---------+---------+-------+---------
         Total |       0 | 3018695 |   0.0 |       0 |     102 |   0.0 |   121
               +---------+---------+-------+---------+---------+-------+---------
             D |       0 | 3018695 |   0.0 |       0 |     102 |   0.0 |   121
               +---------+---------+-------+---------+---------+-------+---------
